 Dungeon Crawl Stone Soup version 0.28-a0-384-g9e0c098162 (webtiles) character file.

Game seed: 11826678705595520097

561 kae the Cleaver (level 7, 0/63 HPs)
             Began as a Hill Orc Fighter on Sept 2, 2021.
             Slain by a mummy (12 damage)
             ... in an ossuary.
             The game lasted 00:03:14 (3802 turns).

kae the Cleaver (Hill Orc Fighter)                  Turns: 3802, Time: 00:03:15

Health: 0/63       AC:  8    Str: 21    XL:     7   Next: 31%
Magic:  7/7        EV:  9    Int:  8    God:
Gold:   149        SH:  4    Dex: 10    Spells: 6/6 levels left

rFire   . . .      SeeInvis .   a - +1 war axe (freeze)
rCold   . . .      Faith    .   c - +0 buckler
rNeg    . . .      Spirit   .   b - +0 scale mail
rPois   .          Reflect  .   (no helmet)
rElec   .          Harm     .   e - +0 cloak
rCorr   .          Rampage  .   (no gloves)
Will    .....                   (no boots)
Stlth   ..........              (no amulet)
HPRegen 0.20/turn               (no ring)
MPRegen 0.10/turn               (no ring)

@: mighty
A: no striking features
a: no special abilities


You were in an ossuary.
You visited 1 branch of the dungeon, and saw 5 of its levels.
You also visited: Ossuary.

You collected 149 gold pieces.

Inventory:

Hand Weapons
 a - a +1 war axe of freezing (weapon)
Armour
 b - a +0 scale mail (worn)
 c - a +0 buckler (worn)
 e - a +0 cloak (worn)
Jewellery
 n - an amulet of magic regeneration
Wands
 f - a wand of charming (8)
Scrolls
 k - a scroll of enchant weapon
 l - a scroll of teleportation {unknown}
 m - a scroll of identify
Potions
 g - 3 potions of curing
 h - a potion of resistance
 i - 3 potions of lignification {unknown}
 j - a potion of mutation


   Skills:
 + Level 6.3 Fighting
 * Level 8.6 Axes
 - Level 3.2 Armour
 - Level 3.2 Shields


You had 6 spell levels left.
You didn't know any spells.
Your spell library contained the following spells:

 Spells                   Type           Power      Damage    Failure   Level
 Summon Small Mammal      Summ           0%         N/A       78%         1
 Call Canine Familiar     Summ           0%         N/A       98%         3
 Summon Guardian Golem    Hex/Summ       0%         N/A       98%         3


Dungeon Overview and Level Annotations

Branches:
Dungeon (5/15)            Ossuary (1/1)
 Temple: D:4-7

Altars:
Trog
Uskayaw
Zin
The Shining One

Shops:
D:2 [


Message History

You feel very mighty all of a sudden.
You block the howler monkey zombie's attack.
The mummy closely misses you.
You barely miss the mummy.
The mummy is moderately damaged.
You slash the mummy! You slash the howler monkey zombie!
The howler monkey zombie closely misses you.
A mummy opens the door.
The mummy barely misses you.
A bullfrog zombie comes into view.
You slice the howler monkey zombie!! You freeze the howler monkey zombie.
You destroy the howler monkey zombie!
You barely miss the mummy. You completely miss the mummy.
A centaur zombie comes into view.
You block the mummy's attack.
A bog mummy comes into view.
The bullfrog zombie hits you. You block the mummy's attack. The mummy hits you!
You hit the mummy.
The mummy is moderately damaged.
You hit the bullfrog zombie. You hit the mummy. You freeze the mummy.
You barely miss the mummy.
The bullfrog zombie hits you but does no damage.
The bullfrog zombie barely misses you. The mummy hits you!
* * * LOW HITPOINT WARNING * * *
The mummy barely misses you.
You slash the mummy! You freeze the mummy.
The mummy is almost destroyed.
You barely miss the mummy. You slash the mummy! You freeze the mummy.
You barely miss the bullfrog zombie. You block the bullfrog zombie's attack.
You block the mummy's attack.
You completely miss the mummy.
The mummy is almost destroyed.
You slash the mummy!
You destroy the mummy!
You slash the bullfrog zombie! You freeze the bullfrog zombie.
You slash the mummy! You freeze the mummy.
You destroy the mummy!
The bullfrog zombie hits you.
* * * LOW HITPOINT WARNING * * *
The mummy hits you!
You die...

### ##
#.#.≈
#'#≈ +.M
###.#####
#.Z@#...#
###MM.∩.#
#.M.#..∩#
###.#####


'Z' ##.# '.# #.' +. You could see 3 mummies, a bog mummy, a bullfrog zombie and
a centaur zombie.

Vanquished Creatures
  Sigmund (D:2)
  A water moccasin (D:5)
  A necrophage (D:5)
  A hound (D:5)
  A bullfrog skeleton (D:5)
  3 mummies
  2 howler monkey zombies
  6 adders
  A white imp (D:5)
  3 orcs (D:3)
  A bat (D:1)
  7 endoplasms
  4 giant cockroaches (D:1)
  4 goblins
  4 hobgoblins
  9 jackals (D:4)
  A quokka (D:4)
  8 ball pythons
  3 frilled lizards
  4 kobolds
  4 rats
69 creatures vanquished.

Vanquished Creatures (collateral kills)
  A jackal (D:4)
1 creature vanquished.

Vanquished Creatures (others)
  10 plants (D:2)
  4 withered plants (Ossuary)
14 creatures vanquished.

Grand Total: 84 creatures vanquished

Notes
Turn   | Place    | Note
-------+----------+-------------------------------------------
     0 | D:1      | kae the Hill Orc Fighter began the quest for the Orb.
     0 | D:1      | Reached XP level 1. HP: 19/19 MP: 1/1
   144 | D:1      | Reached skill level 3 in Axes
   224 | D:1      | Reached XP level 2. HP: 26/27 MP: 2/2
  1010 | D:1      | Reached skill level 4 in Axes
  1076 | D:2      | Reached XP level 3. HP: 33/33 MP: 3/3
  1094 | D:2      | Noticed Sigmund
  1112 | D:2      | Killed Sigmund
  1113 | D:2      | Reached skill level 5 in Fighting
  1113 | D:2      | Reached skill level 6 in Axes
  1113 | D:2      | Reached XP level 4. HP: 33/42 MP: 4/4
  1113 | D:2      | Reached XP level 5. HP: 38/48 MP: 5/5
  1718 | D:2      | Found Xithrabbo's Armour Shop.
  2289 | D:3      | Found a hide-covered altar of Uskayaw.
  2823 | D:4      | Reached XP level 6. HP: 55/56 MP: 6/6
  3079 | D:4      | Found a glowing silver altar of Zin.
  3081 | D:4      | Found a bloodstained altar of Trog.
  3167 | D:4      | Reached skill level 7 in Axes
  3213 | D:4      | Found a glowing golden altar of the Shining One.
  3256 | D:5      | Entered Level 5 of the Dungeon
  3448 | D:5      | Noticed a necrophage
  3456 | D:5      | Killed a necrophage
  3477 | D:5      | Noticed a water moccasin
  3488 | D:5      | Killed a water moccasin
  3489 | D:5      | Reached skill level 8 in Axes
  3489 | D:5      | Reached XP level 7. HP: 32/63 MP: 7/7
  3746 | D:5      | Found a sand-covered staircase.
  3763 | Ossuary  | Entered an ossuary
  3802 | Ossuary  | Slain by a mummy

Illustrated notes

Levels and vault maps discovered:
D:1:      ebering_hopf_link, layout_basic, minmay_fountain_box
D:2:      layout_basic, serial_shops, nicolae_lakefront_shop,
          minmay_misc_feat_diagonals, serial_bayou_ford_a, minmay_cut_off,
          uniq_sigmund
D:3:      layout_basic, nicolae_uskayaw_dance_hall
D:4:      layout_rooms, nicolae_overflow_hidden_temple, kennysheep_flooded_box
D:5:      layout_cave_pools, gup_ossuary_entry_pyramid, minmay_misc_feat_tiny
Ossuary:  ossuary_zaba_flooded

Skill      XL: |  1  2  3  4  5  6 |
---------------+-------------------+-----
Axes           | 3 4 6 8 |  8.6
Fighting       | 4 5 6 |  6.3
Armour         | |  3.2
Shields        | |  3.2

Action                   |  1- 3 |  4- 6 |  7- 9 || total
-------------------------+-------+-------+-------++-------
Melee: War axe           |    58 |   124 |    23 ||   205
  Use: Scroll            |     3 |     4 |       ||     7
       Potion            |     3 |       |     1 ||     4
 Stab: Invisible         |     2 |       |       ||     2
Armor: Scale mail        |    17 |    59 |     8 ||    84
Dodge: Dodged            |    28 |    47 |    11 ||    86
Block: Buckler           |     9 |    29 |     8 ||    46

Table legend: (Time is in decaauts)
 A = Elapsed time spent in this place.
 B = Non-inter-level travel time spent in this place.
 C = Inter-level travel time spent in this place.
 D = Time resting spent in this place.
 E = Time spent auto-exploring this place.
 F = Levels seen in this place.
 G = Mean time per level.
                   A        B        C        D        E       F      G
               +--------+--------+--------+--------+--------+-----+--------+
         Total |   3847 |   3710 |    137 |    129 |   3058 |   6 |  641.2 |
       Dungeon |   3808 |   3671 |    137 |    100 |   3058 |   5 |  761.6 |
       Ossuary |     38 |     38 |      0 |     29 |      0 |   1 |   38.0 |
               +--------+--------+--------+--------+--------+-----+--------+

Top non-repeatable levels by time:
     D:2: 1169 daAuts
     D:1: 1068 daAuts
     D:3: 609 daAuts
     D:5: 514 daAuts
     D:4: 447 daAuts
 Ossuary: 38 daAuts
